AoeStats
← Ricardo Iorio

Arena

509510452Analyzed
1v1 RM · 7d ago on Sep 27, 2026· 32m 42s· 2 players
Game mode
Random Map
Map size
Tiny (2 player)
Population
200
Speed
Normal
Resources
Standard
Victory
Conquest
Starting age
Dark Age
Ending age
Imperial Age
RankedLock teamsTeams togetherTeam positionsShared explorationLock speedFull tech treeHidden civsTurbo modeCheats
Victory
Defeat
🇺🇸 Bohemians · United States
824
+15
🇦🇷 Spanish · Argentina
796
-15
Ricardo Iorio
4:55 Loom
11:20 Feudal Age
13:33 Double-Bit Axe
17:42 Castle Age
16:44 Forging
19:46 Iron Casting
22:32 Scale Barding Armor
23:39 Fletching
26:05 Horse Collar
28:51 Bodkin Arrow
31:16 Ballistics
GameOvaries
10:11 Feudal Age
10:46 Horse Collar
10:53 Double-Bit Axe
18:11 Castle Age
19:14 Bow Saw
18:59 Pikeman
20:20 Padded Archer Armor
20:12 Fletching
25:05 Squires
25:53 Wheelbarrow
27:44 Bodkin Arrow
32:31 Imperial Age
32:49 Hand Cart
Connection lost

Rejoining the realm…

Still unreachable

The connection could not be restored.

Session expired

The server has moved on; the page needs a fresh start.